Unix NetHack Version 3.7.0-73 Work-in-progress - last build Feb 17 2023 02:16:44 (48fe2e8c4a70f1d2d5b622443eb9b5bc1b8d05f7,branch:master). Game began 2023-02-16 17:14:04, ended 2023-02-17 13:26:01. Gandelf, neutral male human Monk ------------------------ |................[.)...| |..-------------------.| ----.| ----- |.| |..|.-- --...| |u| |....0|--|....| |.| |...).|..|....| |.| --)...|......-- |.| |....[..|...| ------|.| |..))|..|.fd| --|oO.mc|.| |....---|...| |x+$1:YY|[| |.......|..-- |-|u$d@g|.| ----.0..|.-- |m+rfEn@f(| ---.--.| |-|hQdYf|-- |.....| |.+qad$$| |>.|..| --|u:np$| ------- ------- Gandelf the Initiate St:18/03 Dx:14 Co:16 In:9 Wi:12 Ch:11 Neutral S:9090 Dlvl:2 $:167 HP:0(63) Pw:40(40) AC:0 Xp:8/2148 T:9189 Blind Latest messages: The Green-elf wields a runed bow! The ogre lady picks up 47 gold pieces. The dust vortex engulfs you! You can't see in here! You hit the dust vortex. You hit the dust vortex. You hit the dust vortex. You destroy the dust vortex! The yeti hits! The yeti hits! The yeti bites! The gremlin hits! The gremlin misses! The gremlin misses! The gremlin hits! You hear a chugging sound. The jaguar misses! The jaguar misses! The jaguar bites! The yeti hits! The yeti hits! The yeti bites! The door opens. The jaguar misses! The jaguar hits! The jaguar misses! The yeti hits! The yeti misses! The yeti bites! The gremlin misses! The gremlin hits! The gremlin bites! The gremlin hits! The beautiful wood nymph seduces you and you start taking off your shoes. The wood nymph stole a unicorn horn. The Green-elf hits! The yeti hits! The yeti hits! The yeti bites! The jaguar hits! The jaguar hits! The jaguar bites! The yeti hits! The yeti hits! You die... Do you want your possessions identified? [ynq] (y) y Do you want to see your attributes? [ynq] (y) y Do you want an account of creatures vanquished? [ynaq] (y) y Do you want to see your conduct and achievements? [ynq] (y) y Do you want to see the dungeon overview? [ynq] (y) y Inventory: Coins $ - 167 gold pieces Amulets V - an uncursed amulet of magical breathing (being worn) Weapons x - 12 blessed +1 arrows s - a +0 bow p - 5 blessed +2 shuriken (at the ready) m - a +0 knife Armor C - an uncursed +0 dwarvish iron helm (being worn) a - an uncursed +2 pair of leather gloves (being worn) D - an uncursed +0 pair of iron shoes I - an uncursed +0 pair of iron shoes E - an uncursed +0 dwarvish roundshield (being worn) U - a cursed +0 dwarvish cloak X - an uncursed +0 mummy wrapping v - an uncursed +1 robe (being worn) y - an uncursed +0 T-shirt with text "Pudding farmer" (being worn) Comestibles g - 4 uncursed apples o - an uncursed clove of garlic w - an uncursed cram ration M - an uncursed cream pie A - 11 uncursed food rations u - an uncursed fortune cookie h - 3 uncursed oranges l - an uncursed egg Scrolls Q - a blessed scroll of earth N - an uncursed scroll of earth n - a blessed scroll of teleportation Potions t - a potion of unholy water Rings R - a cursed ring of aggravate monster c - an uncursed ring of fire resistance d - an uncursed ring of poison resistance O - an uncursed ring of see invisible (on right hand) S - an uncursed ring of shock resistance q - a cursed ring of slow digestion Wands T - a wand of create monster (0:13) B - a wand of create monster (0:5) e - a wand of digging (0:1) P - a blessed wand of fire (0:6) i - a wand of light (0:15) L - a wand of magic missile (0:5) Z - a cursed wand of magic missile (0:0) K - a wand of striking (0:5) f - a wand of teleportation (0:8) Tools b - an uncursed blindfold z - an uncursed brass lantern J - an uncursed mirror H - a cursed oil lamp k - an uncursed skeleton key Y - an uncursed stethoscope G - a cursed tallow candle F - an uncursed wax candle Gandelf the Monk's attributes: Background: You were an Initiate, a level 8 male human Monk. You were neutral, on a mission for Chih Sung-tzu who was opposed by Shan Lai Ching (lawful) and Huan Ti (chaotic). You were in Sokoban, on level 2. You entered the dungeon 9189 turns ago. You had 2148 experience points, 412 more were needed to attain level 9. Your score was 9090 before end-of-game adjustments. Basics: You had 0 out of 63 hit points. You had all 40 energy points (spell power). Your armor class was 0. Your wallet contained 167 zorkmids. Autopickup was on for '$?!+/=' plus thrown. Final Characteristics: Your strength was 18/03 (limit:18/100). Your dexterity was 14 (limit:18). Your constitution was 16 (limit:18). Your intelligence was 9 (limit:18). Your wisdom was 12 (peak:13, limit:18). Your charisma was 11 (limit:18). Final Status: You were temporarily blind. You were not hungry. You were unencumbered. You were empty handed. You were skilled in martial arts and could have enhanced that. Final Attributes: You were piously aligned. You were sleep resistant. You were poison resistant. You would have seen invisible when not blind. You were telepathic. You were warned. You were stealthy. You could survive without air. You were guarded. You were fast. You are dead. Miscellaneous: You encountered 1 bones level. Total elapsed playing time was 1 hour, 9 minutes and 57 seconds. Major events: Turn 1: Gandelf the neutral male human Monk entered the dungeon 620: entered the Gnomish Mines 628: attained the rank of Novice (level 3) 1745: attained the rank of Initiate (level 6) 2389: reached Mine Town 5177: destroyed lurchy's ghost, the former Thaumaturge 5395: consulted the Oracle 6672: entered Sokoban 6908: completed 1st Sokoban level 7289: completed 2nd Sokoban level 8138: completed 3rd Sokoban level 8879: completed 4th Sokoban level 9189: killed by a yeti, while taking off clothes Vanquished creatures: a ghost a giant mimic 2 large mimics 4 small mimics a leocrotta a giant beetle a cockatrice a panther a spotted jelly 2 leprechauns a horse a baby long worm a gnome ruler a rust monster a Green-elf a lizard 2 jaguars a blue jelly a black unicorn a dust vortex a raven a gnome mummy an ape a rope golem 2 Woodland-elves 4 soldier ants a bugbear 2 imps a quasit 15 Mordor orcs a rock piercer 2 rock moles a fog cloud a yellow light 5 gnome leaders a gnomish wizard a black naga hatchling a gray ooze an elf zombie a straw golem 3 paper golems 3 giant ants a little dog 5 floating eyes 2 kittens 13 dwarves 3 homunculi 3 rothes 2 rabid rats a centipede a dwarf zombie a werejackal 4 iguanas an acid blob 4 coyotes a gas spore 2 hobbits 5 large kobolds a giant rat 5 cave spiders 3 yellow molds a red mold 35 gnomes 8 geckos 12 jackals a kobold 2 goblins a sewer rat 7 grid bugs 4 bats 4 lichens 11 newts 220 creatures vanquished. No species were genocided or became extinct. Voluntary challenges: You never hit with a wielded weapon. You read items or engraved 5 times. You never engraved Elbereth. You never genocided any monsters. You never polymorphed an object. You never changed form. You used no wishes. You did not violate any of the special Sokoban rules. Achievements: You entered the Gnomish Mines. You attained the rank of Novice. You attained the rank of Initiate. You entered Minetown. You entered a shop. You entered a temple. You consulted the Oracle of Delphi. You entered Sokoban. The Dungeons of Doom: levels 1 to 7 Level 1: A fountain. Level 2: Stairs down to The Gnomish Mines. Level 3: Level 4: An armor shop. Level 5: Many fountains. Oracle of Delphi. Final resting place for lurchy-Wiz-Elf-Mal-Cha, killed by a soldier ant. Level 6: Stairs up to Sokoban, level 5. Level 7: The Gnomish Mines: levels 3 to 6 Level 3: Level 4: Level 5: Level 6: Many shops, a temple to Chih Sung-tzu, some fountains. Sokoban: levels 5 up to 2 Level 2: <- You were here. Solved. Final resting place for you, killed by a yeti, while taking off clothes. Level 3: Solved. Level 4: Solved. Level 5: Solved. Game over: ---------- / \ / REST \ / IN \ / PEACE \ / \ | Gandelf | | 167 Au | | killed by a yeti | | | | | | | | 2023 | *| * * * | * _________)/\\_//(\/(/\)/\//\/|_)_______ Goodbye Gandelf the Monk... You died in Sokoban on dungeon level 2 with 9074 points, and 167 pieces of gold, after 9189 moves. You were level 8 with a maximum of 63 hit points when you died.